 Dungeon Crawl Stone Soup version 0.31-a0-1154-gadca813 (webtiles) character file.

Game seed: 9532262734201519770

1933977 Kearsarge the Impregnable (level 27, 249/249 HPs)
             Began as an Armataur Artificer on Dec 7, 2023.
             Was an Initiate of Gozag.
             Escaped with the Orb
             ... and 3 runes!
             The game lasted 01:28:03 (55729 turns).

Kearsarge the Impregnable (Armataur Artificer)     Turns: 55729, Time: 01:28:03

Health: 249/249    AC: 46    Str: 35    XL:     27
Magic:  23/23      EV: 12    Int: 16    God:    Gozag
Gold:   688        SH: 30    Dex: 14    Spells: 26/26 levels left

rFire   + .          .
                       - Unarmed
rCold   + + .        n - +8 tower shield {rC+}
rNeg    + . .        q - +1 storm dragon scales
rPois   +            L - +2 helmet {SInv}
rElec   +            w - scarf {repulsion}
rCorr   .            Y - +0 pair of gloves "Beaw" {rPois Str+3 SInv}
SInv    +            V - +10 Black Knight's barding {ponderous, rPois rN+}
Will    +++..        y - amulet of the acrobat Stlth
                     h - ring of Moag {rC+ Will+ Dex+3 Stlth+}
HPRegen 0.61/turn    H - ring of Fimax {rF+ EV+5 Str+2 Int+3 Stlth-}
MPRegen 0.18/turn

%: repel missiles, acrobat, roll
@: studying Fire Magic, slow
A: large, deformed body, tough skin 3, armoured tail, roll 2, long tongue
0: Orb of Zot
}: 3/15 runes: decaying, silver, gossamer
a: Renounce Religion, Potion Petition, Call Merchant, Bribe Branch


You escaped.
You worshipped Gozag.
Gozag was pleased with you.
You visited 10 branches of the dungeon, and saw 48 of its levels.
You visited 1 ziggurat, and saw 8 of its levels.
You also visited: Bailey and Volcano.

You collected 26385 gold pieces.
You spent 8756 gold pieces at shops.
You paid 16941 gold pieces to Gozag.

Inventory:

Hand Weapons
 O - the +8 demon trident "Rift" {distort, reach+}
   (You found it on level 6 of a ziggurat)
Missiles
 c - 2 throwing nets
Armour
 n - a +8 tower shield of cold resistance (worn)
 q - +1 storm dragon scales (worn)
 t - the +3 barding "Unaan" {rElec Dex+2}
   (You acquired it on level 5 of a ziggurat)

   Dex+2:     It affects your dexterity (+2).
   rElec:     It insulates you from electricity.
 w - a scarf of repulsion (worn)
 L - a +2 helmet of see invisible (worn)
 V - the +10 Black Knight's barding (worn) {ponderous, rPois rN+}
   (You bought it in a shop on level 13 of the Dungeon)

   rPois:     It protects you from poison rN+: It protects you from negative
   energy.
 Y - the +0 pair of gloves "Beaw" (worn) {rPois Str+3 SInv}
   (You found it on level 5 of the Vaults)

   Str+3:     It affects your strength (+3).
   rPois:     It protects you from poison SInv: It lets you see invisible.
Jewellery
 h - a ring of Moag (left hand) {rC+ Will+ Dex+3 Stlth+}
   (You found it on level 6 of a ziggurat)

   [ring of willpower]

   Dex+3:     It affects your dexterity (+3).
   rC+:       It protects you from cold.
   Will+:     It increases your willpower.
   Stlth+:    It makes you more stealthy.
 s - a ring of flight
 y - an amulet of the acrobat (around neck)
 H - the ring of Fimax (right hand) {rF+ EV+5 Str+2 Int+3 Stlth-}
   (You found it on level 10 of the Dungeon)

   [ring of evasion]

   EV+5:      It affects your evasion (+5).
   Str+2:     It affects your strength (+2).
   Int+3:     It affects your intelligence (+3).
   rF+:       It protects you from fire.
   Stlth-:    It makes you less stealthy.
 K - a ring of positive energy
 P - a ring of protection from fire
Wands
 d - a wand of charming (2)
 g - a wand of quicksilver (30)
 l - a wand of paralysis (23)
 m - a wand of mindburst (19)
 u - a wand of digging (2)
 M - a wand of polymorph (21)
 S - a wand of roots (36)
Scrolls
 a - 4 scrolls of blinking
 b - 6 scrolls of immolation
 i - 16 scrolls of teleportation
 o - a scroll of revelation
 v - a scroll of poison
 C - 8 scrolls of vulnerability
 D - 2 scrolls of torment
 G - 7 scrolls of fog
 I - 24 scrolls of identify
 R - 9 scrolls of fear
 W - a scroll of brand weapon
 X - 3 scrolls of enchant weapon
 Z - a scroll of silence
Potions
 e - 3 potions of mutation
 f - 11 potions of ambrosia
 j - 13 potions of curing
 k - 16 potions of heal wounds
 p - 5 potions of attraction
 r - 3 potions of berserk rage
 x - 3 potions of might
 z - 9 potions of lignification
 A - 2 potions of haste
 B - 2 potions of cancellation
 F - 3 potions of resistance
 T - 6 potions of magic
 U - 4 potions of invisibility
Miscellaneous
 E - a condenser vane
 J - a sack of spiders
 N - a lightning rod (4/4)
 Q - a phantom mirror


   Skills:
 - Level 20.9 Fighting
 - Level 26.9 Armour
 - Level 3.8 Dodging
 - Level 1.1 Stealth
 - Level 20.9 Shields
 + Level 24.9 Unarmed Combat
 - Level 3.0 Evocations


You had 26 spell levels left.
You didn't know any spells.
Your spell library contained the following spells:

 Spells                   Type           Power      Damage    Failure   Level
 Apportation              Tloc           0%         N/A       54%         1
 Freeze                   Ice            0%         1d3       54%         1
 Magic Dart               Conj           0%         1d3       54%         1
 Sandblast                Erth           0%         2d4       54%         1
 Slow                     Hex            0%         N/A       54%         1
 Sting                    Tmut/Pois      0%         1d3       54%         1
 Summon Small Mammal      Summ           0%         N/A       54%         1
 Blink                    Tloc           0%         N/A       67%         2
 Call Imp                 Summ           0%         N/A       67%         2
 Cigotuvi's Dreadful Rot  Necr/Pois/Air  0%         N/A       67%         2
 Ensorcelled Hibernation  Hex/Ice        0%         N/A       67%         2
 Jinxbite                 Hex            0%         N/A       67%         2
 Lesser Beckoning         Tloc           0%         N/A       67%         2
 Momentum Strike          Conj/Tloc      0%         3d8       67%         2
 Passwall                 Tmut/Erth      0%         N/A       67%         2
 Poisonous Vapours        Pois/Air       0%         N/A       67%         2
 Scorch                   Fire           0%         2d5       67%         2
 Searing Ray              Conj           0%         2d4       67%         2
 Static Discharge         Conj/Air       0%         3-3/arc   67%         2
 Sublimation of Blood     Necr           0%         N/A       67%         2
 Wereblood                Tmut           0%         N/A       67%         2
 Call Canine Familiar     Summ           0%         N/A       88%         3
 Confusing Touch          Hex            0%         N/A       88%         3
 Frozen Ramparts          Ice            0%         1d1       88%         3
 Gell's Gravitas          Tloc           0%         N/A       88%         3
 Hailstorm                Conj/Ice       0%         3d5       88%         3
 Ignite Poison            Fire/Tmut/Pois 0%         N/A       88%         3
 Inner Flame              Hex/Fire       0%         N/A       88%         3
 Mephitic Cloud           Conj/Pois/Air  0%         N/A       88%         3
 Sigil of Binding         Hex            0%         N/A       88%         3
 Stone Arrow              Conj/Erth      0%         3d7       88%         3
 Summon Guardian Golem    Hex/Summ       0%         N/A       88%         3
 Swiftness                Air            0%         N/A       88%         3
 Teleport Other           Tloc           0%         N/A       88%         3
 Vampiric Draining        Necr           0%         2d6       88%         3
 Volatile Blastmotes      Fire/Tloc      0%         2d10      88%         3
 Airstrike                Air            0%         2d(0-16)  99%         4
 Anguish                  Hex/Necr       0%         N/A       99%         4
 Animate Armour           Summ/Erth      0%         N/A       99%         4
 Brom's Barrelling Bould  Conj/Erth      0%         2d3       99%         4
 Cause Fear               Hex            0%         N/A       99%         4
 Flame Wave               Conj/Fire      0%         2d4       99%         4
 Fulminant Prism          Conj/Hex       0%         3d5       99%         4
 Iskenderun's Mystic Bla  Conj/Tloc      0%         2d3       99%         4
 Manifold Assault         Tloc           0%         N/A       99%         4
 Olgreb's Toxic Radiance  Pois           0%         N/A       99%         4
 Petrify                  Tmut/Erth      0%         N/A       99%         4
 Sticky Flame             Conj/Fire      0%         2d3       99%         4
 Summon Ice Beast         Ice/Summ       0%         N/A       99%         4
 Summon Lightning Spire   Summ/Air       0%         N/A       99%         4
 Vhi's Electric Charge    Tloc/Air       0%         N/A       99%         4
 Alistair's Intoxication  Tmut/Pois      0%         N/A       100%        5
 Arcjolt                  Conj/Air       0%         1d10      100%        5
 Borgnjor's Vile Clutch   Necr/Erth      0%         N/A       100%        5
 Fireball                 Conj/Fire      0%         3d3       100%        5
 Freezing Cloud           Conj/Ice/Air   0%         6-21      100%        5
 Irradiate                Conj/Tmut      0%         3d11      100%        5
 Lee's Rapid Deconstruct  Erth           0%         3d4*      100%        5
 Metabolic Englaciation   Hex/Ice        0%         N/A       100%        5
 Summon Forest            Summ/Tloc      0%         N/A       100%        5
 Summon Mana Viper        Hex/Summ       0%         N/A       100%        5
 Conjure Ball Lightning   Conj/Air       0%         3x3d6     100%        6
 Death Channel            Necr           0%         N/A       100%        6
 Dispersal                Tloc           0%         N/A       100%        6
 Eringya's Noxious Bog    Tmut/Pois      0%         4d6       100%        6
 Plasma Beam              Fire/Air       0%         2x1d10    100%        6
 Summon Cactus Giant      Summ           0%         N/A       100%        6
 Enfeeble                 Hex            0%         N/A       100%        7
 Haunt                    Necr/Summ      0%         N/A       100%        7
 Ozocubu's Refrigeration  Ice            0%         4d7       100%        7
 Summon Hydra             Summ           0%         N/A       100%        7
 Borgnjor's Revivificati  Necr           0%         N/A       100%        8
 Discord                  Hex            0%         N/A       100%        8
 Disjunction              Tloc           0%         N/A       100%        8
 Ignition                 Fire           0%         3d3       100%        8
 Maxwell's Capacitive Co  Air            0%         ∞         100%        8
 Death's Door             Necr           0%         N/A       100%        9
 Polar Vortex             Ice            0%         N/A       100%        9
 Animate Dead             Necr           Unusable   N/A       N/A         4
 Simulacrum               Ice/Necr       Unusable   N/A       N/A         6

Dungeon Overview and Level Annotations

Branches:
Dungeon (15/15)            Temple (1/1) D:4            Lair (5/5) D:10
  Swamp (4/4) Lair:2       Spider (4/4) Lair:2        Slime (0/5) Lair:4
    Orc (2/2) D:9             Elf (3/3) Orc:2        Vaults (5/5) D:13
  Crypt (0/3) Vaults:3     Depths (4/4) D:15            Zot (5/5) Depths:4
 Bailey (visited)         Volcano (visited)

Altars:
Ashenzari
Cheibriados
Dithmenos
Elyvilon
Fedhas
Gozag
Hepliaklqana
Kikubaaqudgha
Makhleb
Nemelex Xobeh
Okawaru
Qazlal
Ru
Sif Muna
Trog
Uskayaw
Vehumet
Wu Jian
Xom
Yredelemnul
Zin
The Shining One
Jiyva

Shops:
D:5 [!!!   D:8 ((   D:13 [   D:14 [   Orc:1 *   Orc:2 [:(?   Elf:1 *   Elf:2 ?
Elf:3 [(   Lair:1 [   Lair:2 [   Lair:5 =   Spider:4 ?=:   Vaults:1 !(
Vaults:2 *   Vaults:5 !*[=   Depths:1 [   Depths:2 *   Depths:3 *!

Portals:
Hell: Depths:1 Depths:2 Depths:3
Abyss: Depths:1 Depths:2 Depths:3
Pandemonium: Depths:2

Annotations:
Lair:3 2 transporters, Mafah's ghost, journeyman TrSh
Spider:1 3 runed translucent doors, Lakky's ghost, journeyman DsFi; Leboarus's ghost, journeyman GrFi; Menu's ghost, adept MiWr; Xeotib's ghost, adept DsMo
Elf:2 Roxanne
Elf:3 Saint Roka
Zot:5 Tiamat


Innate Abilities, Weirdness & Mutations

Armour fits poorly on your strangely shaped body.
You have extremely tough skin. (AC +3)
You have a long armoured tail.
You roll and regenerate health when moving toward enemies. (Rampage Heal)
Your long tongue fully drains potion bottles. (2x potion effects)


Message History

There is a stone staircase leading up here.
You climb upwards.
There is a stone staircase leading down here.
What level of the Dungeon? (default 1, ? - help)
There is a stone staircase leading up here.
You climb upwards.
There is a stone staircase leading down here.
HP restored.
A cacodemon and an orange demon come into view.
There is a stone staircase leading up here.
The orange demon screeches!
You climb upwards.
There is a stone staircase leading down here.
What level of the Dungeon? (default 1, ? - help)
There is a stone staircase leading up here.
You climb upwards.
There is a stone staircase leading down here.
As you read the scroll of teleportation, it crumbles to dust.
You feel strangely unstable.
You feel the Orb delaying your translocation!
You start waiting.
Your surroundings seem slightly different.
As you read the scroll of teleportation, it crumbles to dust.
You feel strangely unstable.
You feel the Orb delaying your translocation!
You start waiting.
Your surroundings suddenly seem different.
Blink to where?
Press: ? - help, Q - select action, (/) - cycle Dir - move target
As you read the scroll of blinking, it crumbles to dust.
Blink to where?
Press: ? - help, Q - select action, (/) - cycle Dir - move target
As you read the scroll of blinking, it crumbles to dust.
Blink to where?
Press: ? - help, Q - select action, (/) - cycle Dir - move target
As you read the scroll of blinking, it crumbles to dust.
Blink to where?
Press: ? - help, Q - select action, (/) - cycle Dir - move target
As you read the scroll of blinking, it crumbles to dust.
You have escaped!

...#....# ###...####.........#
...##.##########...####.....)...#
...##.###.......................#
...##.......[......####.........#
...#..############## #.........#
....>######### ### ####.########
.....###..#..###.##..# #.#
....###.....###......# #.#
....##.....###..@...# #.#
....##....#.......### ##.#
#..###.........#### #..#
...##........### ##.##
..###......### ##..# ..##.....###
#...# ..#...#### ###...# ..#.###
#######.....# ..#..###
##..##..####.#


There were no monsters in sight!

Vanquished Creatures
  A pandemonium lord (Zig:5)
  2 juggernauts
  A Killer Klown (Zot:5)
  Bai Suzhen (Depths:2)
  2 caustic shrikes (Zig:8)
  3 golden dragons
  A bone dragon (Depths:4)
  A tentacled monstrosity (Depths:3)
  Arachne (Spider:3)
  2 electric golems
  3 liches (Depths:2)
  A walking crystal tome (Depths:3)
  A titan (Vaults:5)
  Jorgrun (D:14)
  3 Orb Guardians
  2 deep elf master archers (Elf:3)
  A deep elf blademaster (Elf:3)
  A quicksilver dragon (Zot:5)
  6 sphinxes
  An Executioner (Zig:5)
  5 ancient champions (Depths:2)
  Kirke (Swamp:2)
  7 shadow dragons
  3 death cobs
  9 storm dragons
  2 tengu reavers
  Aizul (Spider:4)
  4 draconian monks
  A demonspawn warmonger (Zig:5)
  3 draconian knights
  8 frost giants
  6 fire giants
  4 deep elf sorcerers (Elf:3)
  6 draconian scorchers
  6 emperor scorpions
  Louise (Depths:3)
  16 vault wardens
  3 ghost moths
  A curse skull (Vaults:3)
  2 iron dragons
  A balrug (D:13)
  4 draconian shifters
  12 stone giants
  3 orc warlords
  A cacodemon (Depths:3)
  2 reapers
  5 deep elf elementalists (Elf:3)
  3 broodmothers
  3 spriggan defenders
  23 ironbound preservers
  9 very ugly things
  A war gargoyle (Vaults:5)
  A formless jellyfish (Vaults:4)
  3 vampire knights
  9 ironbound thunderhulks
  The ghost of gwaga3 the Markshill orc, a journeyman HOFi of Hepliaklqana (Lair:2)
  6 green draconians
  3 deep elf demonologists
  2 black draconians (Zot:1)
  4 red draconians
  5 eleionomae
  9 spark wasps
  13 deep elf annihilators
  7 purple draconians
  7 yellow draconians
  13 dire elephants
  4 bunyips
  A quicksilver dragon zombie (D:15)
  5 deep elf death magi
  3 blizzard demons
  6 white draconians
  43 slime creatures
  11 ettins
  3 green deaths
  9 fire dragons
  7 entropy weavers
  2 rakshasas (Depths:3)
  A shambling mangrove (Swamp:3)
  14 hydras
  9 great orbs of eyes
  21 vault guards
  10 yaktaur captains
  Harold (Lair:2)
  13 deep elf high priests
  11 ice dragons
  2 catoblepae
  An ogre mage (D:15)
  Erolcha (D:11)
  4 ghost crabs
  10 ironbound frosthearts
  2 jorogumos
  2 hell beasts (Swamp:4)
  A spriggan air mage (Depths:3)
  Erica (D:8)
  14 centaur warriors
  9 two-headed ogres
  A juggernaut simulacrum (Zig:3)
  5 merfolk avatars (Swamp:1)
  3 dancing weapons
  5 radroaches
  A sphinx skeleton (D:15)
  7 alligators
  21 boulder beetles
  3 deep troll shamans
  10 demonic crawlers
  A hell hog (Volcano)
  4 naga sharpshooters (Zig:6)
  8 tengu warriors
  3 spriggan berserkers
  3 vampire magi
  5 deep troll earth magi
  5 orc high priests
  8 death yaks
  A hell knight (Vaults:1)
  4 sun demons (D:13)
  8 deep elf knights
  8 pharaoh ants
  5 iron trolls
  A cherub (D:11)
  11 skeletal warriors
  Nergalle (Orc:1)
  Lodul (D:14)
  A deep troll (shapeshifter) (Vaults:5)
  3 sixfirhies
  A naga ritualist (Zig:6)
  6 spriggan druids
  A spark wasp zombie (D:15)
  9 swamp dragons
  2 glowing orange brains
  4 orb spiders
  62 deep trolls
  13 goliath frogs
  8 arcanists
  10 bog bodies
  14 lindwurms
  Pikel (D:8)
  A shadow demon (Depths:3)
  21 deep elf pyromancers
  24 ironbound convokers
  10 orc knights
  13 deep elf archers
  A phantasmal warrior (Vaults:5)
  47 ugly things
  18 deep elf zephyrmancers
  15 wolf spiders
  A necromancer (D:15)
  7 steelbarb worms
  2 cyclopes
  6 orc sorcerers
  8 will-o-the-wisps
  3 salamanders
  10 moths of wrath
  A guardian serpent (Zig:6)
  2 manticores
  10 black mambas
  12 elephants
  A rust devil (Zig:5)
  2 molten gargoyles (Lair:5)
  3 kobold blastminers
  2 naga magi (Zig:6)
  A smoke demon (Depths:2)
  18 vault sentinels
  A hellion (Depths:2)
  3 orange demons
  A water nymph (shapeshifter) (Elf:2)
  16 cane toads
  An eye of devastation (shapeshifter) (Vaults:5)
  11 torpor snails
  2 unseen horrors
  3 large abominations (Swamp:4)
  2 gargoyles
  3 rime drakes
  6 freezing wraiths
  15 komodo dragons
  A komodo dragon (shapeshifter) (Vaults:4)
  A tengu conjurer (Depths:1)
  31 yaktaurs
  A queen bee (Lair:4)
  16 meliai
  5 trolls
  18 tarantellas
  5 polar bears
  15 tyrant leeches
  11 hornets
  5 dream sheep (Lair:4)
  5 blink frogs
  19 jumping spiders
  2 spriggans (shapeshifter)
  9 wyverns
  3 vampires
  5 wraiths
  A ynoxinul (Depths:2)
  14 spriggans
  3 water elementals
  7 humans (D:13)
  49 yaks
  4 shadows
  4 fire elementals
  6 basilisks
  10 culicivoras
  7 fire bats
  A golden eye (Zig:2)
  3 hogs (Swamp:2)
  4 steam dragons
  44 redbacks
  25 vampire mosquitoes
  A naga (shapeshifter) (Elf:1)
  4 wargs (Orc:2)
  12 water moccasins
  15 swamp worms
  5 hell hounds
  A swamp drake (Swamp:2)
  A black bear (D:6)
  An ice beast (D:6)
  A sky beast (D:5)
  17 orc warriors
  16 ogres
  6 boggarts
  12 centaurs
  25 wolves
  3 lemures (D:8)
  Blork the orc (D:6)
  10 bullfrogs
  3 kobold brigands
  4 gnoll sergeants
  2 earth elementals (Elf:3)
  20 wights
  21 killer bees (Lair:4)
  An electric eel (D:6)
  6 howler monkeys
  4 wolf zombies (Bailey)
  5 lava snakes (Lair:5)
  7 vampire bats (Bailey)
  6 hounds
  A gnoll bouda (D:9)
  A jelly (D:5)
  17 orc priests
  2 iguanas
  28 orc wizards
  8 hell rats
  16 gnolls
  3 adders
  2 ufetubi (D:7)
  5 worms
  A dart slug (D:3)
  63 orcs
  A ball python (D:1)
  7 bats
  6 endoplasms
  3 giant cockroaches
  29 goblins
  9 hobgoblins
  10 jackals
  23 kobolds
  2 quokkas
  4 frilled lizards
  15 orc zombies (Bailey)
  8 rats
  A spectral kobold (D:6)
1875 creatures vanquished.

Vanquished Creatures (collateral kills)
  Mara (Vaults:3)
  A Killer Klown (Zot:5)
  An electric golem (Zot:5)
  10 Orb Guardians (Zot:5)
  A titan (Vaults:5)
  A quicksilver dragon (Vaults:5)
  A shadow dragon (Vaults:5)
  2 storm dragons
  A ghost moth (Zot:5)
  An ironbound preserver (Vaults:5)
  2 stone giants (Vaults:5)
  A green draconian (Zot:5)
  A red draconian (Zot:5)
  A deep elf demonologist (Vaults:5)
  A spark wasp (Spider:4)
  Josephine (Orc:1)
  3 ettins (Vaults:5)
  A vault guard (Vaults:5)
  3 moths of wrath (Zot:5)
  2 wraiths (Orc:1)
  A warg (Orc:1)
  An orc warrior (Orc:1)
  An ice beast (D:7)
  2 orc priests (Orc:1)
  An orc wizard (Orc:1)
  3 gnolls (D:7)
  3 orcs (Orc:1)
48 creatures vanquished.

Vanquished Creatures (others)
  A dread lich (Vaults:5)
  An orb of fire (Zot:5)
  4 ancient liches
  A golden dragon (Vaults:5)
  2 tentacled monstrosities
  11 Orb Guardians (Zot:5)
  A titan (Vaults:5)
  3 sphinxes (Vaults:5)
  2 quicksilver dragons (Zot:5)
  2 tengu reavers (Vaults:5)
  2 draconian knights (Zot:5)
  A storm dragon (Zot:5)
  A ghost moth (Zot:5)
  5 vault wardens (Vaults:5)
  A draconian annihilator (Zot:5)
  3 ironbound preservers (Vaults:5)
  An ironbound thunderhulk (Vaults:5)
  A stone giant (Vaults:5)
  3 green draconians
  A black draconian (Zot:5)
  2 purple draconians (Zot:5)
  An ettin (Vaults:5)
  A yaktaur captain (Vaults:5)
  A deep elf high priest (Vaults:5)
  13 vault guards (Vaults:5)
  2 ogre magi (Vaults:5)
  2 hell knights (Vaults:5)
  A goliath frog (Swamp:4)
  2 ironbound convokers (Vaults:5)
  A phantasmal warrior (Vaults:5)
  A deep elf pyromancer (Elf:3)
  2 harpies (Vaults:5)
  A will-o-the-wisp (Swamp:3)
  3 vault sentinels (Vaults:5)
  2 yaktaurs (Vaults:5)
  2 bloated husks
  A troll (Orc:1)
  A redback (Vaults:5)
  A swamp worm (Swamp:4)
  A swamp drake (Swamp:1)
  An orc priest (Orc:2)
  An orc wizard (Orc:2)
  28 foxfires
118 creatures vanquished.

Grand Total: 2041 creatures vanquished

Notes
Turn   | Place    | Note
-------+----------+-------------------------------------------
     0 | D:1      | Kearsarge the Armataur Artificer began the quest for the
                  | Orb.
     0 | D:1      | Reached XP level 1. HP: 15/15 MP: 1/1
   131 | D:1      | Reached skill level 1 in Unarmed Combat
   185 | D:1      | Reached XP level 2. HP: 14/22 MP: 2/2
   796 | D:2      | Reached XP level 3. HP: 27/27 MP: 3/3
  1549 | D:3      | Reached XP level 4. HP: 34/34 MP: 4/4
  2038 | D:3      | Found a bloodstained altar of Trog.
  2063 | D:3      | Found a basalt altar of Yredelemnul.
  2063 | D:3      | Found a sacrificial altar of Ru.
  2129 | D:3      | Reached XP level 5. HP: 35/39 MP: 5/5
  2567 | D:4      | Found a blossoming altar of Fedhas.
  2635 | D:4      | Reached skill level 5 in Unarmed Combat
  3171 | D:4      | Found a staircase to the Ecumenical Temple.
  3180 | Temple   | Entered the Ecumenical Temple
  3200 | Temple   | Became a worshipper of Gozag Ym Sagoz the Greedy
  3904 | D:5      | Entered Level 5 of the Dungeon
  3904 | D:5      | Found Cytot's Distillery.
  3907 | D:5      | Bought a potion of lignification for 42 gold pieces
  3907 | D:5      | Bought a potion of haste for 140 gold pieces
  3953 | D:5      | Reached XP level 6. HP: 41/46 MP: 6/6
  4203 | D:5      | Found Iptara's Distillery.
  4239 | D:5      | Bought a potion of heal wounds for 55 gold pieces
  4312 | D:5      | Found Ivofom's Distillery.
  4404 | D:5      | Found Kojuer's Armour Boutique.
  4434 | D:5      | Found a hide-covered altar of Uskayaw.
  4696 | D:5      | Noticed a sky beast
  4784 | D:5      | Killed a sky beast
  4785 | D:5      | Gained mutation: You roll and regenerate health when moving
                  | toward enemies. (Rampage Heal) [Armataur growth]
  4785 | D:5      | Reached XP level 7. HP: 46/51 MP: 7/7
  5234 | D:6      | Noticed Blork the orc
  5243 | D:6      | Killed Blork the orc
  5370 | D:6      | Reached XP level 8. HP: 58/58 MP: 8/8
  5397 | D:6      | Found a sparkling altar of Nemelex Xobeh.
  5734 | D:6      | Found a broken altar of Ashenzari.
  5955 | D:6      | Found a hazy altar of Hepliaklqana.
  6126 | D:7      | Reached skill level 10 in Unarmed Combat
  6293 | D:7      | Found a flagged portal.
  6338 | Bailey   | Entered a bailey
  6534 | Bailey   | Reached XP level 9. HP: 62/63 MP: 9/9
  6561 | Bailey   | Noticed a gargoyle
  6565 | Bailey   | Killed a gargoyle
  6632 | Bailey   | Identified the +0 ring mail of Filigreed Birdsong {Str+2
                  | Dex+2}
  6660 | Bailey   | Identified the +7 mace of Ongar {freeze, rPois}
  6965 | D:5      | Bought a potion of experience for 600 gold pieces
  6965 | D:5      | Bought a potion of heal wounds for 60 gold pieces
  6966 | D:5      | Reached skill level 8 in Armour
  6966 | D:5      | Reached XP level 10. HP: 90/90 MP: 10/10
  6966 | D:5      | Reached XP level 11. HP: 95/95 MP: 11/11
  7403 | D:8      | Noticed Erica
  7413 | D:8      | Killed Erica
  7490 | D:8      | Found Qumefuve's Weapon Shop.
  7535 | D:8      | Identified the +1 ring mail "Tammiest" {Dex+4}
  7756 | D:8      | Noticed Pikel
  7778 | D:8      | Killed Pikel
  8088 | D:8      | Found Ewoomur's Antique Weapon Shop.
  8218 | D:5      | Bought 2 potions of heal wounds for 120 gold pieces
  8218 | D:5      | Bought a potion of might for 48 gold pieces
  8218 | D:5      | Bought a potion of invisibility for 96 gold pieces
  8245 | D:5      | Bought a potion of lignification for 33 gold pieces
  8245 | D:5      | Bought a potion of might for 44 gold pieces
  8245 | D:5      | Bought a potion of lignification for 33 gold pieces
  8245 | D:5      | Bought a potion of berserk rage for 55 gold pieces
  8622 | D:9      | Identified the +3 plate armour of the Raven {Str-3 Slay+3
                  | SInv}
  8746 | D:9      | Found a staircase to the Orcish Mines.
  9024 | D:9      | Reached XP level 12. HP: 103/103 MP: 12/12
  9036 | D:10     | Entered Level 10 of the Dungeon
  9274 | D:10     | Found a staircase to the Lair.
  9300 | D:10     | Noticed a tengu warrior
  9354 | D:10     | Identified the ring of Fimax {rF+ EV+5 Str+2 Int+3 Stlth-}
  9364 | D:10     | Identified the +0 leather armour "Gusus" {Harm rC+}
  9401 | D:10     | Noticed a two-headed ogre
  9407 | D:10     | Killed a two-headed ogre
  9501 | D:10     | Noticed a tengu warrior
  9512 | D:10     | Killed a tengu warrior
  9518 | D:10     | Killed a tengu warrior
  9739 | D:10     | Found a shimmering blue altar of Sif Muna.
  9854 | D:11     | Noticed a boulder beetle
  9882 | D:11     | Killed a boulder beetle
 10454 | D:11     | Noticed Erolcha
 10461 | D:11     | Killed Erolcha
 10462 | D:11     | Reached skill level 15 in Unarmed Combat
 10499 | D:11     | Found a frozen archway.
 10576 | D:11     | Noticed a centaur warrior
 10582 | D:11     | Killed a centaur warrior
 10631 | D:11     | Noticed a boulder beetle
 10645 | D:11     | Killed a boulder beetle
 10773 | D:11     | Noticed a centaur warrior
 10780 | D:11     | Killed a centaur warrior
 10901 | Orc:1    | Entered Level 1 of the Orcish Mines
 10901 | Orc:1    | Noticed Josephine
 10905 | Orc:1    | Noticed Nergalle
 10924 | Orc:1    | Killed Josephine
 10955 | Orc:1    | Killed Nergalle
 11380 | Orc:1    | Found Qupsoarch's Assorted Antiques.
 11389 | Orc:1    | Bought a blackened pearl ring for 160 gold pieces
 11517 | Orc:2    | Entered Level 2 of the Orcish Mines
 11517 | Orc:2    | Noticed an ettin
 11535 | Orc:2    | Noticed an orc high priest
 11541 | Orc:1    | Reached XP level 13. HP: 110/110 MP: 13/13
 11670 | D:5      | Bought a potion of enlightenment for 55 gold pieces
 11701 | D:5      | Bought a potion of enlightenment for 60 gold pieces
 11701 | D:5      | Bought a potion of lignification for 36 gold pieces
 11811 | Orc:2    | Found a staircase to the Elven Halls.
 11812 | Orc:2    | Found Tideffun's Weapon Emporium.
 11812 | Orc:2    | Found Zilivvos's Magic Scroll Emporium.
 11813 | Orc:2    | Found Acitod Xayga's Book Boutique.
 11856 | Orc:2    | Killed an ettin
 11969 | Orc:2    | Noticed an orc warlord
 12001 | Orc:2    | Killed an orc warlord
 13127 | Orc:2    | Found Biefuap's Antique Armour Boutique.
 13216 | Orc:2    | Bought a scroll of immolation for 68 gold pieces
 13216 | Orc:2    | Bought a scroll of fear for 68 gold pieces
 13216 | Orc:2    | Bought a scroll of blinking for 127 gold pieces
 13216 | Orc:2    | Bought a scroll of poison for 68 gold pieces
 13221 | Orc:2    | Bought a translucent chain mail for 218 gold pieces
 13221 | Orc:2    | Identified the +7 chain mail of the Devil's Team {rF+++
                  | rCorr Str-4 Int-5} (You bought it in a shop on level 2 of
                  | the Orcish Mines)
 13461 | Lair:1   | Entered Level 1 of the Lair of Beasts
 13585 | Lair:1   | Found a glowing golden altar of the Shining One.
 13587 | Lair:1   | Bought a runed scarf for 296 gold pieces
 13588 | Lair:1   | Bought a smoking chain mail for 351 gold pieces
 13588 | Lair:1   | Identified the +7 chain mail of Devotion {*Corrode rF+
                  | Will+ SInv} (You bought it in a shop on level 1 of the Lair
                  | of Beasts)
 13599 | Lair:1   | Bought a runed helmet for 277 gold pieces
 13658 | Lair:1   | You fall into a shaft and drop 1 floor!
 13874 | Lair:1   | Reached XP level 14. HP: 47/116 MP: 5/14
 14628 | Lair:2   | Found a staircase to the Swamp.
 14711 | Lair:2   | Noticed Harold
 14937 | Lair:2   | Killed Harold
 14979 | Lair:2   | Bought a shiny buckler for 247 gold pieces
 15291 | Lair:2   | Found a runed translucent gate.
 15291 | Lair:2   | Noticed gwaga3's ghost (journeyman HOFi)
 15293 | Lair:2   | Found a runed translucent gate.
 15294 | Lair:2   | Found a runed translucent gate.
 15318 | Lair:2   | Killed gwaga3's ghost
 15575 | Lair:2   | Found a hole to the Spider Nest.
 16386 | Lair:3   | Found a transporter.
 16413 | Lair:3   | Noticed Mafah's ghost (journeyman TrSh)
 16467 | Lair:3   | Found a transporter.
 17957 | Lair:4   | Found a viscous altar of Jiyva.
 17957 | Lair:4   | Found a staircase to the Slime Pits.
 18204 | Lair:4   | Reached skill level 10 in Fighting
 18453 | Lair:5   | Entered Level 5 of the Lair of Beasts
 18519 | Lair:5   | Found a dark tunnel.
 18534 | Volcano  | Entered a volcano
 18606 | Volcano  | Reached XP level 15. HP: 124/128 MP: 15/15
 18622 | Volcano  | Identified the +2 pair of boots of Fanaticism {rC+}
 18631 | Volcano  | Identified the +6 war axe of Geawn {protect, *Slow Str+2
                  | SInv}
 19595 | Lair:5   | Found a large runed translucent door.
 19596 | Lair:5   | Found a large runed translucent door.
 19851 | Lair:5   | Identified the +1 robe "Rummepp" {Regen+ rCorr MP+9 Str+2}
 21320 | D:13     | Found an iron altar of Okawaru.
 21340 | D:13     | Found the +8 trishula "Condemnation" {holy, anguish, *Noise
                  | Fly rN+}
 21692 | D:13     | Identified 3 scrolls of acquirement
 21694 | D:13     | Acquired 620 gold pieces
 21696 | D:13     | Acquired 454 gold pieces
 21697 | D:13     | Acquired 820 gold pieces
 21772 | D:13     | Bought the +10 Black Knight's barding {ponderous, rPois
                  | rN+} for 2472 gold pieces
 21772 | D:13     | Found the +10 Black Knight's barding {ponderous, rPois rN+}
 22101 | D:13     | Found a gate to the Vaults.
 22176 | D:14     | Found Ojouwnung's Armour Boutique.
 22223 | D:14     | Noticed Lodul
 22256 | D:14     | Killed Lodul
 22263 | D:14     | Reached skill level 9 in Armour
 22973 | D:14     | Reached skill level 10 in Armour
 23167 | D:14     | Reached XP level 16. HP: 144/144 MP: 16/16
 23549 | D:14     | Noticed Jorgrun
 23561 | D:14     | Killed Jorgrun
 23807 | D:15     | Entered Level 15 of the Dungeon
 23867 | D:15     | Found a staircase to the Depths.
 23977 | D:15     | Reached skill level 11 in Armour
 23999 | D:15     | Reached skill level 10 in Shields
 24283 | D:15     | Found a radiant altar of Vehumet.
 24451 | D:14     | Bought a +2 tower shield of cold resistance for 301 gold
                  | pieces
 24467 | D:14     | Bought the +1 plate armour of Virtue {rElec SInv} for 646
                  | gold pieces
 24948 | Elf:1    | Entered Level 1 of the Elven Halls
 25129 | Elf:1    | Reached skill level 12 in Armour
 25463 | Elf:1    | Found Ciosir's Assorted Antiques.
 25550 | Elf:1    | Bought a glowing silvery potion for 25 gold pieces
 26229 | Elf:2    | Reached skill level 13 in Armour
 26380 | Elf:2    | Noticed Roxanne
 26629 | Elf:2    | Found Kojophonk's Magic Scroll Boutique.
 26644 | Elf:2    | Bought a scroll of immolation for 56 gold pieces
 26644 | Elf:2    | Bought a scroll of revelation for 105 gold pieces
 26883 | Elf:3    | Entered Level 3 of the Elven Halls
 26883 | Elf:3    | Found a shimmering blue altar of Sif Muna.
 26909 | Elf:3    | Found Yphaysch's Antique Armour Emporium.
 26913 | Elf:3    | Found Dauqac's Weapon Emporium.
 26939 | Elf:3    | Reached skill level 14 in Armour
 26986 | Elf:3    | Reached XP level 17. HP: 150/150 MP: 17/17
 27004 | Elf:3    | Bought a pair of embroidered gloves for 210 gold pieces
 27111 | Elf:3    | Noticed Saint Roka
 27334 | Elf:3    | Noticed a Tzitzimitl
 27664 | Elf:3    | Noticed a deep elf master archer
 27695 | Elf:3    | Killed a deep elf master archer
 27776 | Elf:3    | Noticed a deep elf master archer
 27790 | Elf:3    | Killed a deep elf master archer
 27791 | Elf:3    | Reached skill level 15 in Armour
 27846 | Elf:3    | Identified the +9 hand axe "Udural" {pain, *Noise rF+ rC+
                  | Dex+2}
 28059 | Elf:3    | Identified the +7 long sword of the Golden God {speed, rC+
                  | Str+4 Int+3 Stlth+}
 28249 | Elf:3    | Noticed a deep elf blademaster
 28264 | Elf:3    | Killed a deep elf blademaster
 28590 | Elf:3    | Reached skill level 16 in Armour
 28696 | Elf:3    | Got the Quarto of the Forsaken Tables
 28726 | Elf:3    | Got the Compilation of the Enchanted Iceberg
 28733 | Elf:3    | Identified the +1 sling "Vixkef" {flame, rPois}
 28984 | Swamp:1  | Entered Level 1 of the Swamp
 29228 | Swamp:1  | Reached skill level 15 in Shields
 29868 | Swamp:1  | Identified the +6 great sword "Diwkeag" {distort, +Blink
                  | Fly rCorr Int-4}
 30265 | Swamp:2  | Reached skill level 17 in Armour
 30315 | Swamp:2  | Reached XP level 18. HP: 158/158 MP: 18/18
 31227 | Swamp:3  | Noticed Kirke
 31250 | Swamp:2  | Killed Kirke
 31628 | Swamp:3  | Reached skill level 18 in Armour
 31821 | Swamp:3  | Identified the serpent talisman of Carved Intercession
                  | {Str+3 Int+5}
 32066 | Swamp:4  | Entered Level 4 of the Swamp
 33079 | Swamp:4  | Reached skill level 19 in Armour
 33119 | Swamp:4  | Got a decaying rune of Zot
 33484 | Spider:1 | Entered Level 1 of the Spider Nest
 33722 | Spider:1 | Found a runed translucent gate.
 33722 | Spider:1 | Found a runed translucent gate.
 33722 | Spider:1 | Found a runed translucent gate.
 33724 | Spider:1 | Noticed Xeotib's ghost (adept DsMo)
 33724 | Spider:1 | Noticed Leboarus's ghost (journeyman GrFi)
 33726 | Spider:1 | Noticed Lakky's ghost (journeyman DsFi)
 33726 | Spider:1 | Noticed Menu's ghost (adept MiWr)
 34696 | Spider:2 | Reached XP level 19. HP: 167/167 MP: 19/19
 34803 | Spider:2 | Got the Anthology of Arson and Quicksand
 35588 | Spider:3 | Noticed Arachne
 35615 | Spider:3 | Killed Arachne
 36319 | Spider:4 | Entered Level 4 of the Spider Nest
 36363 | Spider:4 | Reached skill level 15 in Fighting
 36366 | Spider:4 | Bought a scroll of revelation for 135 gold pieces
 36366 | Spider:4 | Bought a scroll of immolation for 72 gold pieces
 36366 | Spider:4 | Bought a scroll of blinking for 135 gold pieces
 36366 | Spider:4 | Bought a scroll of immolation for 72 gold pieces
 36366 | Spider:4 | Bought 3 scrolls of enchant armour for 405 gold pieces
 36816 | Spider:4 | Identified the +3 scale mail of Disappointment {Fly rN+
                  | Dex+4}
 37751 | Spider:4 | Identified the serpent talisman of Yesterday {Str+4}
 37751 | Spider:4 | Noticed Aizul
 37768 | Spider:4 | Killed Aizul
 37997 | Spider:4 | Got a gossamer rune of Zot
 38315 | Vaults:1 | Entered Level 1 of the Vaults
 38877 | Vaults:1 | Reached XP level 20. HP: 102/184 MP: 20/20
 39749 | Vaults:1 | Found Ilitsitz's Antique Armour Shop.
 39749 | Vaults:1 | Found Ynnywnia's Distillery.
 39769 | Vaults:1 | Found Ziar's Antique Weapon Shop.
 39971 | Vaults:2 | Identified the +8 arbalest "Byhamuinau" {heavy, rN+ Will+
                  | rCorr Dex+4}
 41416 | Vaults:2 | Found Tuxu's General Store.
 41424 | Vaults:2 | Bought a potion of heal wounds for 85 gold pieces
 41676 | Vaults:3 | Reached skill level 20 in Armour
 42044 | Vaults:3 | Reached XP level 21. HP: 179/198 MP: 21/21
 42877 | Vaults:3 | Found a staircase to the Crypt.
 42951 | Vaults:3 | Noticed Mara
 42955 | Vaults:3 | Noticed Kearsarge's illusion
 43008 | Vaults:3 | Noticed Kearsarge's illusion
 43218 | Vaults:3 | Killed Mara
 45352 | Vaults:5 | Entered Level 5 of the Vaults
 45390 | Vaults:5 | Noticed a dread lich
 45481 | Vaults:5 | Killed a dread lich
 45605 | Vaults:5 | Identified the ring of Atogoilu {rF- rN+ Str+3 Dex+4 SInv}
 45772 | Vaults:5 | Reached XP level 22. HP: 189/210 MP: 22/22
 45778 | Vaults:5 | Identified the +0 pair of gloves "Beaw" {rPois Str+3 SInv}
 46247 | Vaults:5 | Noticed an ancient lich
 46260 | Vaults:5 | Noticed a golden dragon
 46281 | Vaults:5 | Killed a golden dragon
 46282 | Vaults:5 | Reached skill level 21 in Armour
 46628 | Vaults:5 | Killed an ancient lich
 46913 | Vaults:5 | Found Esapliw's Distillery.
 46927 | Vaults:5 | Found Syikoic's General Store.
 46968 | Vaults:5 | Bought a potion of haste for 230 gold pieces
 46968 | Vaults:5 | Bought a potion of heal wounds for 115 gold pieces
 46972 | Vaults:5 | Bought a scroll of revelation for 82 gold pieces
 47132 | Vaults:5 | Found Mappack's Antique Armour Boutique.
 47133 | Vaults:5 | Found Sasid's Jewellery Emporium.
 47473 | Depths:1 | Entered Level 1 of the Depths
 47589 | Depths:1 | Paralysed by a vampire knight for 5 turns
 47640 | Depths:1 | Found a one-way gate to the infinite horrors of the Abyss.
 47803 | Depths:1 | Reached skill level 22 in Armour
 47883 | Depths:1 | Found a gateway to Hell.
 48441 | Depths:1 | Found Jerch's Antique Armour Emporium.
 48699 | Depths:2 | Found Zaubeoh's General Store.
 48702 | Depths:2 | Bought a potion of heal wounds for 100 gold pieces
 48829 | Depths:2 | Found a one-way gate leading to the halls of Pandemonium.
 48868 | Depths:2 | Noticed Bai Suzhen
 48893 | Depths:2 | Killed Bai Suzhen
 49017 | Depths:2 | Reached skill level 23 in Armour
 49059 | Depths:2 | Found a one-way gateway to a ziggurat.
 49238 | Zig:1    | Entered Level 1 of a ziggurat
 49319 | Zig:2    | Entered Level 2 of a ziggurat
 49346 | Zig:3    | Entered Level 3 of a ziggurat
 49375 | Zig:3    | Reached skill level 24 in Armour
 49375 | Zig:3    | Reached XP level 23. HP: 218/218 MP: 23/23
 49375 | Zig:3    | Reached XP level 24. HP: 226/226 MP: 23/23
 49380 | Zig:4    | Entered Level 4 of a ziggurat
 49388 | Zig:5    | Entered Level 5 of a ziggurat
 49547 | Zig:5    | Noticed Kualel the pandemonium lord
 49578 | Zig:5    | Killed Kualel the pandemonium lord
 49856 | Zig:5    | Acquired the +3 barding "Unaan" {rElec Dex+2}
 49871 | Zig:5    | Reached skill level 25 in Armour
 49871 | Zig:5    | Reached XP level 25. HP: 234/234 MP: 23/23
 49871 | Zig:5    | Reached XP level 26. HP: 242/242 MP: 23/23
 49879 | Zig:6    | Entered Level 6 of a ziggurat
 50106 | Zig:6    | Found the +8 demon trident "Rift" {distort, reach+}
 50113 | Zig:6    | Identified a ring of Moag {rC+ Will+ Dex+3 Stlth+}
 50122 | Zig:6    | Reached skill level 26 in Armour
 50122 | Zig:6    | Reached XP level 27. HP: 249/249 MP: 23/23
 50133 | Zig:7    | Entered Level 7 of a ziggurat
 50170 | Zig:7    | Identified the +4 hand axe of Telling Extermination
                  | {antimagic, Will+ rCorr}
 50430 | Zig:8    | Entered Level 8 of a ziggurat
 50569 | Zig:8    | Identified the staff of Koliph {rPois Str+4 Poison}
 50572 | Zig:8    | Identified the +9 quick blade of a bailey {venom, SInv
                  | Stlth+}
 50620 | Depths:2 | Found the +8 lance "Wyrmbane" {slay drac, rPois rF+ rC+
                  | AC+3}
 50842 | Depths:3 | Found Foeluroc's Changing Room.
 50946 | Depths:3 | Identified the +3 tower shield of the Ecumenical Temple
                  | {Dex+2}
 50946 | Depths:3 | Noticed Louise
 50978 | Depths:3 | Killed Louise
 51548 | Depths:3 | You fall into a shaft and drop 1 floor!
 51548 | Depths:4 | Entered Level 4 of the Depths
 51634 | Depths:4 | Noticed a juggernaut
 51656 | Depths:4 | Killed a juggernaut
 52093 | Depths:3 | Noticed a juggernaut
 52109 | Depths:3 | Killed a juggernaut
 52348 | Depths:3 | Found Lawanuz's Distillery.
 52357 | Depths:3 | Bought a potion of heal wounds for 85 gold pieces
 52357 | Depths:3 | Bought a potion of might for 68 gold pieces
 52480 | Depths:4 | Found a gate to the Realm of Zot.
 52920 | Vaults:5 | Got a silver rune of Zot
 53338 | Zot:1    | Entered Level 1 of the Realm of Zot
 54598 | Zot:5    | Entered Level 5 of the Realm of Zot
 54907 | Zot:5    | Noticed an orb of fire
 54919 | Zot:5    | Noticed an ancient lich
 54919 | Zot:5    | Noticed an orb of fire
 54919 | Zot:5    | Noticed an ancient lich
 54919 | Zot:5    | Noticed an ancient lich
 54992 | Zot:5    | Killed an ancient lich
 55029 | Zot:5    | Found the +4 dragonskin cloak
 55029 | Zot:5    | Noticed Tiamat
 55039 | Zot:5    | Got the Orb of Zot
 55170 | Zot:1    | Noticed Saycruta the pandemonium lord
 55729 | D:$      | Escaped with the Orb!

Illustrated notes

Levels and vault maps discovered:
D:1:      dpeg_arrival_arbitrary_a, layout_rooms
D:2:      minmay_general_purpose_star, layout_basic, serial_forest,
          infiniplex_forest_clump_double, infiniplex_forest_end_3,
          infiniplex_forest_3_way, infiniplex_forest_zigzag_1,
          infiniplex_forest_end_3, infiniplex_forest_clump_small,
          infiniplex_forest_lined_corner, infiniplex_forest_corner_2,
          infiniplex_forest_clump_double
D:3:      layout_loops_ring, mainiacjoe_overflow_alcove_4, jmf_multi_god_temple
D:4:      layout_layer_cave, fedhas_ov_isle_minmay, temple_hall,
          grunt_decor_fettered, minmay_goblin_outpost
D:5:      layout_rooms, mainiacjoe_overflow_surrounded_room, serial_shops,
          nicolae_shop_just_a_little_nook, shop, nicolae_shop_statue_plus, shop,
          serial_corexii_hall, chequers_hall_statues_corner_a,
          corexii_hall_statues_deadend, corexii_hall_statues_x,
          chequers_hall_statues_y, chequers_serial_rivers_micro_e
D:6:      layout_loops_ring, nemelex_xobeh_ov_fountains_minmay,
          nicolae_hepliaklqana_monster_ancestors, lemuel_round_altar,
          kennysheep_potato, uniq_blork_the_orc
D:7:      layout_rooms, enter_bailey_3, serial_bayou_pond_c
D:8:      layout_rooms, serial_shops, nicolae_shop_just_a_little_nook, shop,
          uniq_erica, uniq_pikel
D:9:      layout_long_grid, minmay_orc_entry_temple_small
D:10:     layout_big_octagon, lemuel_blue_sif_altar, lair_entry_dummy
D:11:     layout_roguey, portal_ice_cave_entry_pillars_1,
          minmay_shattered_shrine, uniq_erolcha
D:12:     layout_loops_ring
D:13:     layout_roguey, ximxim_vaults_locker_room, okawaru_metal_pillars_1_2
D:14:     layout_stronghold, serial_shops, nicolae_take_the_stairs,
          nicolae_sextant, uniq_lodul, uniq_jorgrun
D:15:     gammafunk_depths_entry_grave, layout_irregular_city,
          vehumet_altar_wand_db
Temple:   nicolae_temple_god_jail
Lair:1:   layout_loops_ring, basic_altar, infiniplex_staircase_pool,
          grunt_megastairs_1
Lair:2:   layout_loops_ring, alex1729_swamp_entry_worm_eleionoma,
          hellmonk_spider_entry_life_and_decay, gammafunk_ghost_hydra_chop,
          chequers_serial_rivers_marsh, uniq_harold
Lair:3:   layout_cave_pods, gammafunk_ghost_hive, grunt_megastairs_5
Lair:4:   layout_hall_layers, slime_entry_1, special_room [special_room_bee],
          lemuel_fruit_tree
Lair:5:   cheibrodos_lair_end_hotspot, layout_gridlike,
          nicolae_volcano_entry_two_sided, minmay_stone_trees_small
Swamp:1:  layout_falls_marsh, hangedman_swamp_ruin_hall, grunt_lady_of_the_lake,
          nicolae_swamp_long_stream
Swamp:2:  layout_falls_marsh, evilmike_swamp_ruin_rubble_1,
          nicolae_swamp_catching_bugs
Swamp:3:  layout_basic_swamp, serial_swamp_ruin, hangedman_swamp_ruin_wall,
          evilmike_swamp_ruin_house_6, nicolae_swamp_bloodsuckers_inc,
          infiniplex_staircase_pool_2, uniq_kirke
Swamp:4:  swamp_vile, layout_basic_swamp, swamp_pool_1_2
Spider:1: layout_spider_delve, gammafunk_ghost_cemetery
Spider:2: layout_spider_delve
Spider:3: layout_spider_delve, drop_trap, nicolae_spider_scorpion_nest,
          uniq_arachne
Spider:4: hellmonk_spider_rune_bug_friends, nicolae_spider_rock_and_or_roll,
          uniq_aizul
Orc:1:    layout_caves, serial_shops, nicolae_lakefront_shop, basic_altar,
          uniq_josephine, uniq_nergalle
Orc:2:    grunt_orc_tribal_feast, layout_caves
Elf:1:    layout_gridlike, serial_shops, shop, kennysheep_underground_church
Elf:2:    nicolae_elf_blades_crystal_corner, layout_geoelf_octagon,
          serial_shops, nicolae_shop_just_a_little_nook, st_stairs_8, drop_trap,
          uniq_roxanne
Elf:3:    minmay_elf_hall_hex, layout_gridlike, basic_altar,
          nicolae_fountain_basement, minmay_shop_star, uniq_saint_roka
Vaults:1: nicolae_vaults_shrinking_rooms_1, vaults_mumra_minichess,
          hangedman_vaults_hard_town_square, nicolae_vaults_shrinking_rooms_2,
          vaults_mumra_hexcomb, nicolae_vaults_little_squares_2,
          vaults_room_corners, v_misc_23, nicolae_vaults_border_crossing,
          layout_vaults_maze
Vaults:2: nicolae_vaults_storage_closets_1, ontoclasm_vaults_ligature,
          nicolae_vaults_circle_grid_b, v_misc_18, hangedman_vaults_river_flow,
          v_pattern_5, nicolae_vaults_yaktaur_gun_rack, layout_vaults_omnigrid,
          serial_shops, shop
Vaults:3: v_misc_3, minmay_crypt_entry_simple_walls, ontoclasm_vaults_pinch,
          vaults_dpeg_ring, ontoclasm_vaults_shuriken,
          nicolae_vaults_diffraction_hallways, ontoclasm_vaults_ring_square,
          nicolae_vaults_tetromino_Z_1, v_alt_pattern_2, vaults_room_door_hall,
          nicolae_vaults_tetromino_T_2, layout_vaults_chaotic_city, uniq_mara
Vaults:4: ontoclasm_vaults_spin, nicolae_vaults_steering_wheel,
          nicolae_vaults_what_the_h, nicolae_vaults_trapezoid_1,
          nicolae_vaults_storage_closets_3, kb_rosetta,
          nicolae_vaults_little_ls, v_misc_30, dpeg_vaults_monster_box,
          nicolae_vaults_angled_halls, vaults_room_ringed_pool,
          nicolae_vaults_apartment_2, layout_vaults_omnibox
Vaults:5
Depths:1: layout_gridlike, serial_shops, shop, hangedman_abyss_entry_splay,
          hangedman_tar_grid_catacomb, minmay_misc_feat_rows, evilmike_butchery
Depths:2: cheibrodos_poisonous_passages, layout_cave_pools, ziggurat_fallback,
          rand_demon_pan_entry_5, abyss_entry, hell_entry,
          small_statue_intersection, serial_shops, kennysheep_mini_moat,
          kennysheep_generic_room_2, minmay_staircase_bubble, uniq_bai_suzhen,
          uniq_josephina
Depths:3: kennysheep_room_grid, layout_basic,
          nicolae_abyss_entry_one_way_or_another, hell_entry, serial_shops,
          nicolae_shop_hallway_plus, st_stairs_6, nicolae_transmutations_shop,
          minmay_staircase_statues
Depths:4: grunt_zot_entry_alcove, layout_basic, hell_entry,
          nicolae_ru_sacrificial_ziggurat, bh_walls_and_bars, uniq_boris
Zot:1:    layout_gridlike, regret_index_zotdec_twisting_globes
Zot:2:    layout_gridlike
Zot:3:    layout_gridlike
Zot:4:    layout_cathedral_of_symmetry, hangedman_snake_sidewinding
Zot:5:    layout_misc_corridors, uniq_tiamat

Skill      XL: |  1  2  3  4  5  6  7  8  9 10 11 12 13 14 15 16 17 18 19 20 21 22 23 24 25 26 27 |
---------------+----------------------------------------------------------------------------------+-----
Unarmed Combat | 1 2 3 4 5 6 8 10 11 13 16 18 20 24 | 24.9
Fighting       | 8 10 13 14 17 19 20 | 20.9
Armour         | 8 10 14 17 19 20 24 25 26 | 26.9
Shields        | 7 8 12 15 17 18 20 | 20.9
Dodging        | 3 |  3.8
Stealth        | |  1.1
Evocations     | |  3.0

Action                     |  1- 3 |  4- 6 |  7- 9 | 10-12 | 13-15 | 16-18 | 19-21 | 22-24 | 25-27 || total
---------------------------+-------+-------+-------+-------+-------+-------+-------+-------+-------++-------
  Melee: Club              |    55 |       |       |       |       |       |       |       |       ||    55
         Tailslap          |    15 |    25 |    28 |    67 |   273 |   295 |   546 |   140 |   277 ||  1666
         Unarmed           |   118 |   211 |   243 |   447 |  1522 |  1856 |  2182 |   512 |  1054 ||  8145
         Punch             |     1 |     4 |     1 |       |       |       |       |       |       ||     6
  Throw: Dart              |       |       |     4 |     2 |     3 |       |       |       |       ||     9
 Invoke: Call Merchant     |       |       |       |       |     4 |       |     3 |       |       ||     7
         Bribe Branch      |       |       |       |       |       |       |     1 |       |     2 ||     3
         Potion Petition   |       |       |       |       |       |       |       |     3 |     1 ||     4
  Evoke: Wand              |     5 |    11 |    14 |    19 |    17 |     7 |       |       |       ||    73
         Lightning rod     |       |       |       |       |     4 |     1 |     4 |       |     5 ||    14
         Condenser vane    |       |       |       |       |       |     1 |     3 |       |     1 ||     5
         Sack of spiders   |       |       |       |       |       |       |     2 |       |       ||     2
         Phantom mirror    |       |       |       |       |       |       |     1 |       |       ||     1
    Use: Scroll            |       |    10 |     1 |     9 |    10 |    12 |     9 |     4 |    23 ||    78
         Potion            |       |       |     2 |     3 |    13 |     7 |       |     5 |     8 ||    38
   Stab: Distracted        |       |       |       |     3 |     7 |    11 |    13 |     8 |     8 ||    50
         Betrayed ally     |       |       |       |     1 |       |       |       |       |       ||     1
         Invisible         |       |       |       |       |     6 |     2 |       |     2 |       ||    10
         Paralysed         |       |       |       |       |     4 |       |     2 |       |       ||     6
         Confused          |       |       |       |       |       |     1 |     2 |       |       ||     3
         Petrifying        |       |       |       |       |       |       |       |     1 |       ||     1
 Armour: Leather armour    |    44 |       |       |       |       |       |       |       |       ||    44
         Scale mail        |    77 |   160 |   127 |       |       |       |       |       |       ||   364
         Swamp dragon scal |       |       |    81 |   100 |    20 |       |       |       |       ||   201
         Plate armour      |       |       |       |   256 |    90 |   875 |  1058 |   262 |    45 ||  2586
         Chain mail        |       |       |       |       |   702 |   154 |       |       |       ||   856
         Skin              |       |       |       |       |    11 |     7 |       |       |       ||    18
         Storm dragon scal |       |       |       |       |       |       |       |       |   448 ||   448
  Dodge: Dodged            |    80 |    57 |    78 |   106 |   458 |   266 |   375 |    92 |   207 ||  1719
         Repelled          |       |       |       |       |       |       |     5 |     7 |    22 ||    34
  Block: Kite shield       |       |       |    66 |   228 |   164 |       |       |       |       ||   458
         Buckler           |       |       |       |       |   191 |       |       |       |       ||   191
         Tower shield      |       |       |       |       |   117 |  1731 |  2791 |   547 |  1277 ||  6463

Table legend: (Time is in decaauts)
 A = Elapsed time spent in this place.
 B = Non-inter-level travel time spent in this place.
 C = Inter-level travel time spent in this place.
 D = Time resting spent in this place.
 E = Time spent auto-exploring this place.
 F = Levels seen in this place.
 G = Mean time per level.
                   A        B        C        D        E       F      G
               +--------+--------+--------+--------+--------+-----+--------+
         Total |  55182 |  49043 |   6139 |   2868 |  35115 |  58 |  951.4 |
       Dungeon |  16312 |  13867 |   2445 |    275 |  11024 |  15 | 1087.5 |
        Temple |     37 |      3 |     34 |      0 |      0 |   1 |   37.0 |
          Lair |   6193 |   5738 |    455 |    333 |   4292 |   5 | 1238.6 |
         Swamp |   4466 |   4300 |    166 |    277 |   3034 |   4 | 1116.5 |
   Spider Nest |   4617 |   4451 |    166 |    468 |   2983 |   4 | 1154.2 |
  Orcish Mines |   2250 |   2014 |    236 |    276 |   1231 |   2 | 1125.0 |
   Elven Halls |   3970 |   3384 |    586 |    520 |   1866 |   3 | 1323.3 |
        Vaults |   9373 |   8671 |    702 |    263 |   6490 |   5 | 1874.6 |
        Depths |   4086 |   3145 |    941 |      4 |   2270 |   4 | 1021.5 |
           Zot |   1765 |   1361 |    404 |    415 |    437 |   5 |  353.0 |
      Ziggurat |   1316 |   1316 |      0 |      0 |    996 |   8 |  164.5 |
        Bailey |    553 |    553 |      0 |     35 |    305 |   1 |  553.0 |
       Volcano |    237 |    237 |      0 |      0 |    183 |   1 |  237.0 |
               +--------+--------+--------+--------+--------+-----+--------+

Top non-repeatable levels by time:
Vaults:3: 2294 daAuts
   Elf:3: 1949 daAuts
Vaults:4: 1828 daAuts
Vaults:1: 1803 daAuts
    D:14: 1800 daAuts
Vaults:2: 1727 daAuts
Vaults:5: 1720 daAuts
Spider:3: 1678 daAuts
    D:13: 1541 daAuts
     D:4: 1431 daAuts
Depths:3: 1383 daAuts
     D:5: 1374 daAuts
 Swamp:4: 1346 daAuts
   Orc:2: 1329 daAuts
  Lair:1: 1328 daAuts
